 Dungeon Crawl Stone Soup version 0.30-a0-586-g23e55c9e0a (webtiles) character file.

Game seed: 7203094406849689591

2053 vineage the Fighter (level 9, -11/60 HPs)
             Began as a Gargoyle Fighter on Jan 3, 2023.
             Killed by divine providence
             ... invoked by an orc priest
              (15 damage)
             ... on level 7 of the Dungeon.
             The game lasted 00:07:38 (7318 turns).

vineage the Fighter (Gargoyle Fighter)              Turns: 7318, Time: 00:07:39

Health: -11/60     AC: 22    Str: 26    XL:     9   Next: 25%
Magic:  9/9        EV:  5    Int: 10    God:
Gold:   522        SH:  0    Dex:  9    Spells: 8/8 levels left

rFire   + . .      SeeInvis .    a - +0 flail
rCold   + . .      Faith    .    k - +0 kite shield
rNeg    + . .      Spirit   .    f - +3 plate armour "Dihotei" {+Blink rPois Str+3}
rPois   ∞          Reflect  +    (no helmet)
rElec   +          Harm     .    (no cloak)
rCorr   .          Rampage  .    (no gloves)
Will    .....                    (no boots) Stlth
                                 p - amulet of reflection
HPRegen 0.30/turn                o - ring of protection from fire
MPRegen 0.11/turn                h - ring of protection from cold

@: confused
A: sickness immunity, AC +6, negative energy resistance 1, electricity
resistance, torment resistance 1, petrification resistance
a: Evoke Blink


You were on level 7 of the Dungeon.
You visited 1 branch of the dungeon, and saw 7 of its levels.
You also visited: Sewer.

You collected 522 gold pieces.

Inventory:

Hand Weapons
 a - a +0 flail (weapon)
Armour
 c - a +0 buckler
 f - the +3 plate armour "Dihotei" (worn) {+Blink rPois Str+3}
   (You acquired it on level 2 of the Dungeon)

   Str:       It affects your strength (+3).
   rPois:     It protects you from poison.
   +Blink:    It lets you blink.
 k - a +0 kite shield (worn)
Jewellery
 e - a ring of resist corrosion
 h - a ring of protection from cold (right hand)
 o - a ring of protection from fire (left hand)
 p - an amulet of reflection (around neck)
 q - a ring of positive energy
Wands
 l - a wand of quicksilver (11)
 m - a wand of flame (72)
 r - a wand of polymorph (5)
Scrolls
 g - 2 scrolls of identify
 i - a scroll of poison
 u - a scroll of magic mapping {unknown}
Potions
 b - 3 potions of flight
 j - a potion of resistance
 n - 2 potions of brilliance
 s - a potion of haste
 t - a potion of ambrosia


   Skills:
 * Level 8.9 Fighting
 + Level 5.6 Maces & Flails
 + Level 6.7 Armour
 + Level 6.6 Shields


You had 8 spell levels left.
You didn't know any spells.
Your spell library contained the following spells:

 Spells                   Type           Power      Damage    Failure   Level
 Necrotise                Necr           0%         1d4       100%        1
 Sandblast                Erth           0%         2d4       100%        1
 Ensorcelled Hibernation  Hex/Ice        0%         N/A       100%        2
 Passwall                 Tmut/Erth      0%         N/A       100%        2
 Spider Form              Tmut/Pois      0%         N/A       100%        3
 Stone Arrow              Conj/Erth      0%         3d7       100%        3
 Vampiric Draining        Necr           0%         2d6       100%        3
 Anguish                  Hex/Necr       0%         N/A       100%        4
 Agony                    Necr           0%         N/A       100%        5
 Malign Gateway           Summ/Tloc      0%         N/A       100%        7
 Summon Horrible Things   Summ           0%         N/A       100%        8


Dungeon Overview and Level Annotations

Branches:
Dungeon (7/15)              Sewer (visited)
 Temple: D:4-7

Altars:
Dithmenos
Fedhas
Hepliaklqana
Sif Muna
Uskayaw
Vehumet
Xom

Shops:
D:3 (   D:7 [(


Innate Abilities, Weirdness & Mutations

You are immune to sickness and miasma.
Your stone body is resilient. (AC +6)
You are immune to poison.
You resist negative energy. (rN+)
You are resistant to electric shocks. (rElec)
You are resistant to unholy torment.
You are immune to petrification.


Message History

You block the orc's attack. The orc warrior barely misses you.
You hear some strange, mumbled words.
A puff of flame appears from out of thin air!
The puff of flame hits you but does no damage.
You hit the orc warrior.
The orc warrior is almost dead.
The orc hits you but does no damage.
The orc warrior hits you with a +2 halberd of freezing.
Something hits you but does no damage. You block the orc's attack.
The orc warrior hits you but does no damage.
Something hits you but does no damage.
You barely miss the orc warrior.
The orc warrior is almost dead.
You block the orc's attack.
The orc warrior hits you but does no damage.
You hear some strange, mumbled words.
You are confused.
You bump into the rock wall.
The orc hits you but does no damage.
The orc warrior hits you but does no damage.
You hear some strange, mumbled words.
You are more confused.
You bump into the rock wall.
The orc hits you with a +0 whip.
The orc warrior hits you with a +2 halberd of freezing.
The orc warrior freezes you. Something hits you but does no damage.
The orc attacks as you move away! The orc hits you with a +0 whip.
The orc warrior hits you with a +2 halberd of freezing!
The orc warrior freezes you. Something hits you but does no damage.
You thump the orc!
You kill the orc!
The orc priest mumbles some strange prayers to Beogh against you.
Beogh smites you!
* * * LOW HITPOINT WARNING * * *
The orc warrior hits you but does no damage.
Something hits you.
* * * LOW HITPOINT WARNING * * *
You miss the orc warrior.
The orc warrior is almost dead.
The orc priest calls down the wrath of Beogh upon you.
Beogh smites you!
You die...

##......##...##..##>..########.##
.............#.........#.........
.............#.........#.#.......
............∩'.........#..#......
#.....####..###..##...##...#....#
###...####).###..#######....#..#.
#.......)...#....#....#.....#...
#...........'....#...........#.#
#.).........#..@.#.........#....
#{o.........#.o){#........#..#..
#.oo..##[)..####o###..##..#......
#..##.##....###..###..##......#..
#..##.##.<......................#
#... .#.......................###
.∩.. ##........................#
..## #......[.........†......##
.. ##...#####'###...####...#


You could see an orc warrior and an orc priest.

Vanquished Creatures
  A sky beast (D:7)
  A black bear (D:6)
  An ice beast (D:5)
  2 ogres (D:6)
  2 phantoms
  2 centaurs
  3 bullfrogs
  A necrophage (D:6)
  A gnoll sergeant (D:6)
  2 scorpions
  3 killer bees (D:7)
  A jelly (D:5)
  2 hounds
  2 gnoll boudas
  4 iguanas
  A merfolk siren (Sewer)
  5 orc wizards
  A merfolk avatar (Sewer)
  Robin (D:4)
  4 adders
  12 gnolls
  A river rat (Sewer)
  A white imp (D:7)
  3 worms
  4 dart slugs
  14 orcs
  6 bats
  4 endoplasms
  6 giant cockroaches
  13 goblins
  7 hobgoblins
  3 jackals (D:1)
  7 quokkas
  7 ball pythons
  9 frilled lizards
  7 kobolds
  34 rats
  A butterfly (D:3)
179 creatures vanquished.

Notes
Turn   | Place    | Note
-------+----------+-------------------------------------------
     0 | D:1      | vineage the Gargoyle Fighter began the quest for the Orb.
     0 | D:1      | Reached XP level 1. HP: 14/14 MP: 1/1
    45 | D:1      | Reached XP level 2. HP: 19/19 MP: 2/2
   447 | D:1      | Reached XP level 3. HP: 23/24 MP: 3/3
   621 | D:1      | Reached skill level 4 in Fighting
  1265 | D:2      | Reached XP level 4. HP: 22/29 MP: 4/4
  1525 | D:2      | Identified a scroll of acquirement
  1525 | D:2      | Acquired the +3 plate armour "Dihotei" {+Blink rPois Str+3}
  1695 | D:3      | Found a shimmering altar of Xom.
  1764 | D:3      | Found Hisudiz's Weapon Shoppe.
  1878 | D:3      | Found a blossoming altar of Fedhas.
  2119 | D:3      | Found a shimmering blue altar of Sif Muna.
  2237 | D:3      | Found a hazy altar of Hepliaklqana.
  2238 | D:3      | Found a radiant altar of Vehumet.
  2428 | D:4      | Noticed a phantom
  2461 | D:4      | Killed a phantom
  2462 | D:4      | Reached XP level 5. HP: 31/34 MP: 5/5
  2516 | D:4      | Noticed Robin
  2544 | D:4      | Killed Robin
  2631 | D:4      | Reached skill level 5 in Fighting
  2795 | D:4      | Reached XP level 6. HP: 36/40 MP: 6/6
  3248 | D:4      | Reached XP level 7. HP: 39/45 MP: 7/7
  3269 | D:4      | Reached skill level 6 in Fighting
  3558 | D:5      | Entered Level 5 of the Dungeon
  3566 | D:5      | Found a shadowy altar of Dithmenos.
  3658 | D:5      | Found a glowing drain.
  3670 | Sewer    | Entered a sewer
  3784 | Sewer    | Reached skill level 5 in Armour
  4180 | D:5      | Reached skill level 5 in Shields
  4323 | D:5      | Reached XP level 8. HP: 44/52 MP: 8/8
  4387 | D:5      | Reached skill level 7 in Fighting
  4997 | D:6      | HP: 1/53 [gnoll/+0 spear[a gnoll sergeant] (4)]
  5912 | D:6      | Reached skill level 8 in Fighting
  5912 | D:6      | Reached skill level 5 in Maces & Flails
  6426 | D:7      | Reached XP level 9. HP: 55/60 MP: 9/9
  6442 | D:7      | Found Guneysm's Antique Weapon Boutique.
  6503 | D:7      | Found a hide-covered altar of Uskayaw.
  6667 | D:7      | Found Plog's Antique Armour Boutique.
  7318 | D:7      | Killed from afar by an orc priest

Illustrated notes

Levels and vault maps discovered:
D:1:      matt_arrival_grand_opening, layout_basic
D:2:      layout_basic
D:3:      layout_basic, lemuel_coloured_pillars_altar,
          mainiacjoe_overflow_divided_tiny, kennysheep_orc_sif_temple,
          xom_butterflies, serial_shops, nicolae_shop_crystal
D:4:      layout_basic, uniq_robin
D:5:      layout_cave_pools, amcnicky_altar_gilded, gup_sewer_entry_bubbles
D:6:      layout_basic
D:7:      layout_gridville, mainiacjoe_overflow_concentric_impassable,
          nicolae_uskayaw_murder_on_the_dancefloor, temple_pool_b, serial_shops,
          shop, nicolae_square_shop, hangedman_decor_opposing,
          reono_crystal_passage

Skill      XL: |  1  2  3  4  5  6  7  8 |
---------------+-------------------------+-----
Fighting       | 4 5 6 8 |  8.9
Armour         | 4 5 6 |  6.7
Shields        | 4 5 6 |  6.6
Maces & Flails | 3 4 5 |  5.6

Action                   |  1- 3 |  4- 6 |  7- 9 || total
-------------------------+-------+-------+-------++-------
Melee: Flail             |   137 |   169 |   501 ||   807
  Use: Scroll            |     3 |     6 |     3 ||    12
       Potion            |       |     4 |     4 ||     8
Armor: Scale mail        |    90 |       |       ||    90
       Plate armour      |       |   148 |   424 ||   572
Dodge: Dodged            |    94 |    62 |   145 ||   301
Block: Buckler           |    34 |    39 |    83 ||   156
       Kite shield       |       |       |   197 ||   197
       Reflection        |       |       |     1 ||     1

Table legend: (Time is in decaauts)
 A = Elapsed time spent in this place.
 B = Non-inter-level travel time spent in this place.
 C = Inter-level travel time spent in this place.
 D = Time resting spent in this place.
 E = Time spent auto-exploring this place.
 F = Levels seen in this place.
 G = Mean time per level.
                   A        B        C        D        E       F      G
               +--------+--------+--------+--------+--------+-----+--------+
         Total |   7582 |   7340 |    242 |    968 |   4682 |   8 |  947.8 |
       Dungeon |   7045 |   6803 |    242 |    968 |   4436 |   7 | 1006.4 |
         Sewer |    537 |    537 |      0 |      0 |    246 |   1 |  537.0 |
               +--------+--------+--------+--------+--------+-----+--------+

Top non-repeatable levels by time:
     D:6: 1256 daAuts
     D:4: 1218 daAuts
     D:5: 1188 daAuts
     D:7: 953 daAuts
     D:3: 825 daAuts
     D:1: 815 daAuts
     D:2: 787 daAuts
   Sewer: 537 daAuts
